 Dungeon Crawl Stone Soup version 0.27-a0-1182-gee19b5822f (webtiles) character file.

Game seed: 5990250862827547997

164 Froggeryz the Chopper (level 5, -3/38 HPs)
             Began as a Demonspawn Gladiator on May 18, 2021.
             Slain by Ijyb
             ... wielding a +0 club
              (5 damage)
             ... on level 3 of the Dungeon.
             The game lasted 00:01:34 (1998 turns).

Froggeryz the Chopper (Demonspawn Gladiator)        Turns: 1998, Time: 00:01:34

Health: -3/38      AC:  4    Str: 15    XL:     5   Next: 21%
Magic:  0/5        EV: 12    Int:  9    God:
Gold:   63         SH:  0    Dex: 15    Spells: 4/4 levels left

rFire    . . .     SeeInvis .   a - +0 war axe
rCold    . . .     Faith    .   (no shield)
rNeg     . . .     Spirit   +   b - +0 leather armour
rPois    .         Reflect  .   c - +0 helmet
rElec    .         Harm     .   (no cloak)
rCorr    .         Rampage  .   (no gloves)
Will     .....                  (no boots)
Stlth    +.........             e - amulet of guardian spirit
HPRegen  0.12/turn              (no ring)
MPRegen  0.09/turn              (no ring)

@: no status effects
A: demonic guardian 1
a: no special abilities


You were on level 3 of the Dungeon.
You visited 1 branch of the dungeon, and saw 3 of its levels.

You collected 63 gold pieces.

Inventory:

Hand Weapons
 a - a +0 war axe (weapon)
Missiles
 d - 2 throwing nets (quivered)
Armour
 b - a +0 leather armour (worn)
 c - a +0 helmet (worn)
Jewellery
 e - an amulet of guardian spirit (around neck)
Scrolls
 f - 3 scrolls of identify


   Skills:
 - Level 2.0 Fighting
 * Level 4.9 Axes
 - Level 1.7 Throwing
 + Level 2.0 Armour
 - Level 2.6 Dodging


You had 4 spell levels left.
You didn't know any spells.
Your spell library was empty.

Dungeon Overview and Level Annotations

Branches:
Dungeon (3/15)

Altars:

Shops:
D:1 !

Annotations:
D:3 Ijyb


Innate Abilities, Weirdness & Mutations

A weak demonic guardian rushes to your aid.


Message History

You aren't carrying any potions.
As you read the scroll labelled MOMIMN GYAGATIMAKA, it crumbles to dust.
It is a scroll of identify.
You don't have any unidentified items.
Ijyb hits you with a +0 club.
* * * LOW HITPOINT WARNING * * *
You miss Ijyb.
Ijyb is moderately wounded.
Ijyb hits you with a +0 club.
* * * LOW HITPOINT WARNING * * *
A demonic guardian appears!
You slash Ijyb!
Ijyb is heavily wounded.
Ijyb misses you.
You miss Ijyb.
Ijyb is heavily wounded.
Ijyb hits you but does no damage.
Your ufetubus barely misses Ijyb.
Your ufetubus completely misses Ijyb.
You closely miss Ijyb.
Ijyb is heavily wounded.
Your ufetubus closely misses Ijyb. x2; Ijyb hits you but does no damage.
Your ufetubus hits Ijyb but does no damage.
Your ufetubus misses Ijyb. Ijyb hits you with a +0 club.
* * * LOW HITPOINT WARNING * * *
You barely miss Ijyb.
Ijyb is heavily wounded.
Your ufetubus hits Ijyb.
Your ufetubus hits Ijyb but does no damage.
Your ufetubus barely misses Ijyb.
Your ufetubus hits Ijyb. Ijyb completely misses your ufetubus.
You strike the helpless Ijyb from behind!
You hit Ijyb.
Ijyb is severely wounded.
Your ufetubus hits Ijyb but does no damage. x2
Ijyb barely misses you.
Your ufetubus barely misses Ijyb. x2
Your leather armour prevents you from hitting Ijyb.
Ijyb is severely wounded.
Your ufetubus barely misses Ijyb.
Your ufetubus completely misses Ijyb.
Ijyb hits you with a +0 club.
You die...

.... .....
...(.
#....##########
##........)...#
.......$......#
##.....).......
.......@5......
.#..... ...
.....


You could see Ijyb (ally target) and a friendly ufetubus (summoned).

Vanquished Creatures
  A necrophage (D:2)
  4 adders
  A worm (D:2)
  A dart slug (D:2)
  An orc (D:3)
  6 bats
  4 endoplasms
  4 goblins
  3 ball pythons (D:1)
  2 frilled lizards (D:1)
  3 kobolds (D:1)
  4 rats
34 creatures vanquished.

Vanquished Creatures (collateral kills)
  An endoplasm (D:1)
  A kobold (D:1)
2 creatures vanquished.

Vanquished Creatures (others)
  3 plants (D:1)
3 creatures vanquished.

Grand Total: 39 creatures vanquished

Notes
Turn   | Place    | Note
-------+----------+-------------------------------------------
     0 | D:1      | Froggeryz the Demonspawn Gladiator began the quest for the
                  | Orb.
     0 | D:1      | Reached XP level 1. HP: 16/16 MP: 1/1
   143 | D:1      | Reached skill level 3 in Axes
   341 | D:1      | Found Diokk's Distillery.
   436 | D:1      | Gained mutation: A weak demonic guardian rushes to your
                  | aid. [demonic ancestry]
   436 | D:1      | Reached XP level 2. HP: 10/22 MP: 0/2
  1296 | D:2      | Noticed a necrophage
  1306 | D:2      | Killed a necrophage
  1307 | D:2      | Reached skill level 4 in Axes
  1307 | D:2      | Reached skill level 1 in Armour
  1307 | D:2      | Reached XP level 3. HP: 27/27 MP: 3/3
  1307 | D:2      | Reached XP level 4. HP: 33/33 MP: 4/4
  1334 | D:2      | Found a faded altar of an unknown god.
  1621 | D:2      | Reached XP level 5. HP: 31/38 MP: 5/5
  1974 | D:3      | Noticed Ijyb
  1998 | D:3      | Slain by Ijyb

Illustrated notes

Levels and vault maps discovered:
D:1:      psy_arrival_statuary, layout_loops_cross, serial_bayou,
          serial_bayou_ford_a, serial_bayou_lake_a, serial_bayou_pond_b,
          serial_bayou_pond_e, serial_bayou_pond_c, serial_shops, shop,
          minivault_25, st_stairs_9, chequers_garden
D:2:      layout_basic, hellmonk_ecumenical_altar_crossroads, serial_curves,
          eino_curves_04, eino_curves_03
D:3:      layout_rooms, overflow_temple_1_default, uniq_ijyb

Skill      XL: |  1  2  3  4  5 |
---------------+----------------+-----
Axes           | 3 4 |  4.9
Armour         | 1 2 |  2.0
Fighting       | |  2.0
Throwing       | |  1.7
Dodging        | |  2.6

Action                   |  1- 3 |  4- 6 || total
-------------------------+-------+-------++-------
Melee: War axe           |    62 |    61 ||   123
Throw: Throwing net      |     1 |       ||     1
  Use: Scroll            |       |     1 ||     1
 Stab: Distracted        |       |     1 ||     1
Armor: Leather armour    |    27 |    20 ||    47
Dodge: Dodged            |    31 |    42 ||    73

Table legend: (Time is in decaauts)
 A = Elapsed time spent in this place.
 B = Non-inter-level travel time spent in this place.
 C = Inter-level travel time spent in this place.
 D = Time resting spent in this place.
 E = Time spent auto-exploring this place.
 F = Levels seen in this place.
 G = Mean time per level.
                   A        B        C        D        E       F      G
               +--------+--------+--------+--------+--------+-----+--------+
         Total |   2067 |   2009 |     58 |     23 |   1720 |   3 |  689.0 |
       Dungeon |   2067 |   2009 |     58 |     23 |   1720 |   3 |  689.0 |
               +--------+--------+--------+--------+--------+-----+--------+

Top non-repeatable levels by time:
     D:1: 1264 daAuts
     D:2: 771 daAuts
     D:3: 31 daAuts
